 Dungeon Crawl Stone Soup version 0.15-a0-674-g7948ca6 (webtiles) character file.

2869 4tharraofdagon the Conjurer (level 9, -2/45 HPs)
             Began as a Tengu Fire Elementalist on May 9, 2014.
             Was an Elder of Vehumet.
             Slain by an unseen horror (4 damage)
             ... on Level 11 of the Dungeon.
             The game lasted 00:23:50 (2772 turns).

4tharraofdagon the Conjurer (TeFE)                  Turns: 2772, Time: 00:23:50

HP  -2/45        AC  2     Str 13      XL: 9   Next: 76%
MP  20/23        EV 12     Int 19      God: Vehumet [****..]
Gold 312         SH  0     Dex 15      Spells:  3 memorised, 11 levels left

rFire  . . .     SeeInvis .     u - +2,+1 falchion (pain)
rCold  . . .     Clarity  .     a - +0 robe (curse)
rNeg   . . .     Conserve .     (no shield)
rPois  .         rCorr    .     (helmet restricted)
rElec  .         rRot     .     (no cloak)
SustAb . .       Spirit   .     (no gloves)
rMut   .         Warding  .     (boots unavailable)
Saprov . . .     Stasis   .     (no amulet)
MR     .....                    (no ring)
                                q - ring of regeneration

@: about to teleport, mighty, not resistant to hostile enchantments, unstealthy
A: able to fly, beak, talons 3, breathe flames 1
a: Fly, Renounce Religion, Breathe Fire


You were on level 11 of the Dungeon.
You worshipped Vehumet.
Vehumet was greatly pleased with you.
You were not hungry.

You visited 1 branch of the dungeon, and saw 11 of its levels.
You also visited: Sewer and Ossuary.

You collected 312 gold pieces.

Inventory:

Hand weapons
 k - a +0,+0 hand axe
 u - a +2,+1 falchion of pain (weapon)
Missiles
 l - 3 curare-tipped needles
Armour
 a - a cursed +0 robe (worn)
Magical devices
 x - a wand of fire (1)
Comestibles
 h - 2 chunks of iguana flesh
 B - 4 royal jellies
Scrolls
 d - a scroll of enchant weapon I
 e - a scroll of remove curse
 f - a scroll of enchant armour {unknown}
 j - a scroll of fog {unknown}
 r - 2 scrolls of teleportation
 y - 2 scrolls of noise {unknown}
 C - 2 scrolls of blinking {unknown}
Jewellery
 q - a ring of regeneration (left hand)
Potions
 c - a potion of restore abilities
 g - a potion of curing
 i - 2 potions of confusion {unknown}
 m - 2 potions of agility {unknown}
 n - 4 potions of might
 o - a potion of brilliance {unknown}
 p - a potion of magic {unknown}
 t - 3 potions of haste {unknown}
 v - a potion of flight
 w - 3 potions of heal wounds {unknown}
Books
 b - a book of Flames

   Spells                             Type                      Level
   *Flame Tongue                      Conjuration/Fire             1
   Throw Flame                        Conjuration/Fire             2
   *Conjure Flame                     Conjuration/Fire             3
   Inner Flame                        Hexes/Fire                   3
   *Sticky Flame                      Conjuration/Fire             4
   Fireball                           Conjuration/Fire             5
 z - a book of Unlife

   Spells                             Type                      Level
   Recall                             Summoning/Translocation      3
   Animate Dead                       Necromancy                   4
   Control Undead                     Necromancy                   4
   Twisted Resurrection               Necromancy                   5
   Death Channel                      Necromancy                   6
   Simulacrum                         Ice/Necromancy               6
Miscellaneous
 s - a plain deck of defence


   Skills:
 - Level 2.1 Dodging
 - Level 2.0 Stealth
 + Level 5.6 Spellcasting
 * Level 10.7 Conjurations
 * Level 9.7 Fire Magic


You had 11 spell levels left.
You knew the following spells:

 Your Spells              Type           Power        Failure   Level  Hunger
a - Flame Tongue          Conj/Fire      #####        1%          1    None
b - Conjure Flame         Conj/Fire      #####...     1%          3    ##.....
c - Sticky Flame          Conj/Fire      #####...     1%          4    ####...


Dungeon Overview and Level Annotations

Branches:
Dungeon (11/15)
 Temple: D:4-7          Orc: D:9-12        Lair: D:8-11

Altars:
Makhleb
Nemelex Xobeh
Vehumet
The Shining One

Annotations:
D:2 Sigmund


Innate Abilities, Weirdness & Mutations

You can fly.
You have a beak for a mouth.
You have claws for feet.
You can breathe flames.


Message History

There is an open door here.
You open the door.
Found a pair of boots.
There is an open door here.
An adder comes into view.
Something hits you!
* * * LOW HITPOINT WARNING * * *
Deactivating autopickup; reactivate with Ctrl-A.
Unknown command.
Read which item? (? for menu, Esc to quit)
As you read the scroll of teleportation, it crumbles to dust.
You feel strangely unstable. Something hits you!
* * * LOW HITPOINT WARNING * * *
Something hits you.
* * * LOW HITPOINT WARNING * * *
Unknown command.
Drink which item? (? for menu, Esc to quit)
You feel very mighty all of a sudden.
It was a potion of might.
Something hits you.
You die...

... .......S. ...........
#..# #.........[..
#..#.##.............
#..#.##.............
#..#.##.............
#..#.##.............#
#..#.##.....@.......#
#####..#.######'#########
....#..#.# #.# ....#..#.#
#.# ....'....######.####
....#..............#
....#.#########.##.....
....#.# #... ####
...[#+## ###.#


You could see an adder (sleeping).

Vanquished Creatures
  A manticore (D:11)
  A troll (D:6)
  2 hungry ghosts
  Menkaure (D:6)
  2 ice beasts (D:6)
  A sky beast (D:5)
  An ogre (D:4)
  A phantom (D:9)
  An elf zombie (Ossuary)
  A giant frog (D:6)
  2 scorpions
  A troll zombie (D:9)
  A killer bee (D:9)
  4 hounds
  A crimson imp (D:4)
  A human zombie (Ossuary)
  2 goliath beetles
  4 jellies
  2 iguanas
  2 orc priests
  7 orc wizards
  A worker ant (D:3)
  4 ogre zombies
  2 big kobold zombies (Ossuary)
  2 mummies (Ossuary)
  4 gnolls (D:6)
  A green rat (D:4)
  7 adders
  2 big fish zombies (D:4)
  3 giant mites
  2 shadow imps
  2 adder zombies (Ossuary)
  3 giant geckos
  5 oozes (D:9)
  12 orcs
  A bat skeleton (D:4)
  2 giant cockroaches
  13 hobgoblins
  3 jackals (D:6)
  3 kobolds
  3 quokkas
  28 ball pythons (Sewer)
  3 bats
  3 giant newts
  A goblin skeleton (D:4)
  3 goblin zombies
  A hobgoblin skeleton (D:9)
  10 hobgoblin zombies
  2 jackal zombies (Ossuary)
  A kobold skeleton (D:5)
  10 kobold zombies (Ossuary)
  An orc skeleton (D:4)
  14 orc zombies
  3 rats
  A rat zombie (Ossuary)
195 creatures vanquished.

Notes
Turn   | Place    | Note
--------------------------------------------------------------
     0 | D:1      | 4tharraofdagon, the Tengu Fire Elementalist, began the quest for the Orb.
     0 | D:1      | Reached XP level 1. HP: 10/10 MP: 3/3
    89 | D:1      | Reached XP level 2. HP: 15/15 MP: 0/5
   109 | D:2      | Noticed Sigmund
   398 | D:3      | Reached skill level 4 in Fire Magic
   398 | D:3      | Reached XP level 3. HP: 12/19 MP: 4/7
   403 | D:3      | Learned a level 3 spell: Conjure Flame
   440 | D:2      | Found a radiant altar of Vehumet.
   446 | D:2      | Became a worshipper of Vehumet
   513 | D:3      | Found a burning altar of Makhleb.
   542 | D:4      | Noticed a phantom
   546 | D:4      | Noticed an ogre
   558 | D:4      | Killed an ogre
   558 | D:4      | Reached XP level 4. HP: 24/24 MP: 0/9
   558 | D:4      | Reached XP level 5. HP: 28/28 MP: 0/11
   618 | D:4      | Learned a level 4 spell: Sticky Flame
   679 | D:4      | Reached skill level 5 in Fire Magic
   691 | D:4      | Found a glowing drain.
   710 | Sewer    | Entered a sewer
   848 | Sewer    | Acquired Vehumet's first power
   848 | Sewer    | Offered knowledge of Freeze by Vehumet.
   849 | Sewer    | #1
   986 | D:3      | Reached XP level 6. HP: 20/32 MP: 7/14
  1075 | D:4      | Reached skill level 5 in Conjurations
  1107 | D:5      | Entered Level 5 of the Dungeon
  1189 | D:5      | Found a glowing golden altar of the Shining One.
  1276 | D:5      | Found a sparkling altar of Nemelex Xobeh.
  1282 | D:5      | Offered knowledge of Sting by Vehumet.
  1283 | D:5      | #2
  1301 | D:5      | Reached XP level 7. HP: 30/36 MP: 9/17
  1322 | D:5      | Found a sand-covered staircase.
  1326 | Ossuary  | Entered an ossuary
  1439 | Ossuary  | Reached skill level 6 in Fire Magic
  1444 | Ossuary  | Offered knowledge of Throw Frost by Vehumet.
  1541 | Ossuary  | Acquired Vehumet's second power
  1628 | D:6      | Noticed Menkaure
  1637 | D:6      | Killed Menkaure
  1643 | D:6      | Reached skill level 7 in Conjurations
  1643 | D:6      | Reached XP level 8. HP: 27/41 MP: 8/20
  1789 | D:6      | Noticed a troll
  1810 | D:6      | Killed a troll
  1810 | D:6      | Offered knowledge of Stone Arrow by Vehumet.
  1810 | D:6      | Reached skill level 8 in Conjurations
  2142 | D:7      | Reached skill level 9 in Conjurations
  2152 | D:7      | Acquired Vehumet's third power
  2258 | D:8      | Offered knowledge of Fulminant Prism by Vehumet.
  2258 | D:8      | Reached XP level 9. HP: 45/45 MP: 16/22
  2259 | D:8      | #3
  2482 | D:9      | Reached skill level 5 in Spellcasting
  2517 | D:9      | Reached skill level 10 in Conjurations
  2566 | D:10     | Entered Level 10 of the Dungeon
  2596 | D:10     | Gained mutation: You can breathe flames. [potion of mutation]
  2596 | D:10     | Gained mutation: You are frail (-10% HP). [potion of mutation]
  2596 | D:10     | Lost mutation: You are frail (-10% HP). [potion of mutation]
  2718 | D:11     | Noticed a manticore
  2742 | D:11     | HP: 2/45 [manticore/volley of spikes (15)]
  2744 | D:11     | Killed a manticore
  2771 | D:11     | HP: 2/45 [something (9)]
  2772 | D:11     | Slain by an unseen horror

Action                   |  1- 3 |  4- 6 |  7- 9 || total
-------------------------+-------+-------+-------++-------
Melee: Unarmed           |     5 |       |       ||     5
       Hand axe          |       |    51 |    75 ||   126
       Falchion          |       |       |    73 ||    73
 Cast: Flame Tongue      |    39 |    60 |    53 ||   152
       Conjure Flame     |     1 |       |    20 ||    21
       Sticky Flame      |       |     4 |    23 ||    27
Evoke: Wand              |       |       |     3 ||     3
  Use: Potion            |     1 |     1 |     3 ||     5
       Scroll            |       |       |     7 ||     7
 Stab: Sleeping          |       |     1 |     2 ||     3

Vault maps used:
D:1:      onia_arrival_larder
D:2:      lemuel_doored_altar, dk_noncrumbling_2, uniq_iyjb,
          uniq_crazy_yiuf_cottage, uniq_sigmund
D:3:      bloody_trog, old_standard_altar, first_bread,
          kennysheep_pointless_box, lemuel_another_geyser
D:4:      lemuel_zombie_altar_yredelemnul, kennysheep_mini_moat,
          minmay_temple_entry_spiral, gup_sewer_entry_bubbles,
          uniq_blork_the_orc
D:5:      lemuel_round_altar, nemelex_deck, tso_metal_star,
          nicolae_ossuary_entry_plus, supply_closet_lemuel, minivault_24
D:6:      serial_shops, kennysheep_mini, st_stairs_14, uniq_menkaure
D:7:      gammafunk_temple_overflow_elements, uniq_joseph
D:8:      lemuel_round_altar
D:9:      overflow_temple_1_default, zombieorc2_lemuel, serial_park,
          serial_park_square2, serial_park_tiny_1, serial_park_tiny_pond,
          serial_park_tiny_2, serial_park_tiny_2, hangedman_little_slice_of_home
D:10:     uniq_erica
D:11:     david_lair_generic
Sewer:    sewer_ratzerg_badplayer
Ossuary:  ossuary_tomb_1
